AoeStats
← Tunga

Arabia

505646649Analyzed
1v1 RM · 23d ago on Sep 10, 2026· 60m 56s· 2 players
Game mode
Random Map
Map size
Tiny (2 player)
Population
200
Speed
Normal
Resources
Standard
Victory
Conquest
Starting age
Dark Age
Ending age
Imperial Age
RankedLock teamsTeams togetherTeam positionsShared explorationLock speedFull tech treeHidden civsTurbo modeCheats
Victory
Defeat
🇹🇷 Malians · Türkiye
729
+17
🇨🇴 Bohemians · Colombia
745
-17
Tunga
5:57 Loom
10:30 Feudal Age
13:58 Double-Bit Axe
16:19 Wheelbarrow
16:25 Gold Mining
17:14 Bloodlines
18:21 Horse Collar
23:23 Castle Age
22:29 Scale Mail Armor
25:19 Forging
24:43 Elite Skirmisher
26:04 Hand Cart
27:07 Chain Mail Armor
27:27 Iron Casting
27:16 Padded Archer Armor
27:07 Fletching
28:08 Man-at-Arms
32:15 Tigui
33:45 Long Swordsman
42:47 Imperial Age
43:05 Elite Gbeto
45:52 Cavalier
46:32 Husbandry
47:31 Light Cavalry
Efra9035
10:15 Feudal Age
10:40 Horse Collar
11:08 Double-Bit Axe
12:29 Man-at-Arms
14:14 Loom
22:43 Castle Age
23:28 Heavy Plow
23:42 Bow Saw
23:38 Elite Skirmisher
23:39 Crossbowman
25:39 Pikeman
26:55 Squires
28:42 Chemistry
39:02 Imperial Age
36:49 Padded Archer Armor
36:40 Fletching
36:50 Scale Mail Armor
37:01 Forging
37:14 Wagenburg Tactics
38:12 Town Watch
39:35 Wheelbarrow
40:15 Conscription
43:00 Arbalester
44:46 Elite Hussite Wagon
57:30 Treadmill Crane
Connection lost

Rejoining the realm…

Still unreachable

The connection could not be restored.

Session expired

The server has moved on; the page needs a fresh start.